 Dungeon Crawl Stone Soup version 0.22-a0-271-gc000056 (webtiles) character file.

75950 Ijustatesigmund the Gargoyle Aeon (level 15, -12/95 HPs)
             Began as a Gargoyle Earth Elementalist on Mar 8, 2018.
             Was the Champion of Cheibriados.
             Mangled by an alligator snapping turtle (33 damage)
             ... on level 3 of the Shoals on Mar 10, 2018.
             The game lasted 02:17:10 (34626 turns).

Ijustatesigmund the Gargoyle Aeon (GrEE)           Turns: 34626, Time: 02:17:11

Health: -12/95     AC: 30    Str: 27    XL:     15   Next: 51%
Magic:  24/28      EV: 14    Int: 42    God:    Cheibriados [******]
Gold:   631        SH: 14    Dex: 30    Spells: 13/32 levels left

rFire    + . .     SeeInvis .   c - +4 mace of Glory {crush, +Rage +Inv Int+4}
rCold    + . .     Gourm    .   A - +1 shield {AC+3}
rNeg     + . .     Faith    .   M - +3 leather armour {rF+}
rPois    ∞         Spirit   .   v - +1 helmet
rElec    +         Reflect  .   z - +2 cloak {rPois}
rCorr    .         Harm     .   j - +0 pair of gloves
MR       +....                  K - +1 pair of boots (curse)
Stlth    +++.......             q - amulet "Irhakour" {RegenMP rC+}
HPRegen  0.25/turn              s - +4 ring of intelligence
MPRegen  0.46/turn              o - ring of wizardry

@: flying, mesmerised, very slightly contaminated, very slow
A: big wings, clever 1, negative energy resistance 1, electricity resistance,
unbreathing, petrification resistance, rot immunity, MP-powered wands, AC +11
a: Stop Flying, Bend Time, Temporal Distortion, Slouch, Step From Time, Renounce
Religion, Evoke Berserk Rage, Evoke Invisibility


You were on level 3 of the Shoals.
You worshipped Cheibriados.
Cheibriados was exalted by your worship.
You were very full.

You visited 5 branches of the dungeon, and saw 26 of its levels.

You collected 1881 gold pieces.
You spent 1250 gold pieces at shops.

Inventory:

Hand Weapons
 c - the +4 mace of Glory (weapon) {crush, +Rage +Inv Int+4}
   (You bought it in a shop on level 11 of the Dungeon)

   It inflicts extra damage upon your enemies.
   It affects your intelligence (+4).
   It lets you turn invisible.
   It lets you go berserk.
 h - the +5 hunting sling "Ugionoc" {venom, Stlth+}
   (You found it on level 1 of the Shoals)

   It poisons the ammo it fires.
   It makes you more stealthy.
 C - a +3 mace
 N - a +1 mace of protection
 V - a +1 flail of holy wrath
Missiles
 m - 2 javelins
 x - 606 stones (quivered)
 B - 8 javelins of penetration
Armour
 j - a +0 pair of gloves (worn)
 k - the +0 pair of gloves of Watchfulness {rElec rPois rCorr Str-4}
   (You found it on level 5 of the Dungeon)

   It affects your strength (-4).
   It insulates you from electricity.
   It protects you from poison.
   It protects you from acid and corrosion.
 v - a +1 helmet (worn)
 w - a +1 robe of the Archmagi
 z - a +2 cloak of poison resistance (worn)
 A - a +1 shield of protection (worn)
 K - a cursed +1 pair of boots (worn)
 M - a +3 leather armour of fire resistance (worn)
Jewellery
 e - an uncursed ring of protection from magic
 o - a ring of wizardry (right hand)
 q - the amulet "Irhakour" (around neck) {RegenMP rC+}
   (You took it off an orc knight on level 14 of the Dungeon)

   [amulet of magic regeneration]

   It increases your magic regeneration.
   It protects you from cold.
 s - a +4 ring of intelligence (left hand)
 y - an uncursed ring of ice
 J - an uncursed ring of protection from cold
 Q - an uncursed amulet of harm {unknown}
Wands
 a - a wand of iceblast (10)
 b - a wand of flame (64)
 l - a wand of paralysis (6)
 E - a wand of acid (10)
 I - a wand of polymorph (10)
 U - a wand of disintegration (11)
Scrolls
 i - a scroll of fear
 r - 7 scrolls of teleportation
 t - 5 scrolls of amnesia
 D - 5 scrolls of remove curse
 F - 2 scrolls of silence
 H - 2 scrolls of magic mapping
 L - 2 scrolls of fog
 O - 2 scrolls of identify
 P - 4 scrolls of enchant weapon
 R - 3 scrolls of enchant armour
 S - 2 scrolls of blinking
 W - a scroll of summoning
Potions
 g - 2 potions of ambrosia
 n - a potion of heal wounds
 p - 3 potions of curing
 u - 6 potions of brilliance
 G - 5 potions of lignification
 T - a potion of resistance
Miscellaneous
 f - a lamp of fire
Comestibles
 d - 29 rations


   Skills:
 - Level 11.2 Fighting
 - Level 10.0 Maces & Flails
 + Level 7.7 Throwing
 - Level 6.5 Armour
 - Level 4.2 Dodging
 - Level 2.1 Stealth
 - Level 8.0 Shields
 - Level 9.3 Spellcasting
 - Level 6.5 Conjurations
 - Level 6.5 Transmutations
 - Level 8.8 Earth Magic
 - Level 11.9 Invocations
 - Level 3.0 Evocations


You had 13 spell levels left.
You knew the following spells:

 Your Spells              Type           Power        Failure   Level  Hunger
a - Sandblast             Erth           ######       1%          1    None
b - Stone Arrow           Conj/Erth      ######       1%          3    None
c - Passwall              Tmut/Erth      ######....   1%          2    None
d - Lee's Rapid Deconstr  Erth           #######...   1%          5    #......
e - Irradiate             Conj/Tmut      ######....   3%          5    #......
f - Dazzling Spray        Conj/Hex       #####.       1%          3    None


Dungeon Overview and Level Annotations

Branches:
Dungeon (14/15)            Temple (1/1) D:5            Lair (5/6) D:11
 Shoals (4/4) Lair:3       Spider (0/4) Lair:2          Orc (2/2) D:11
    Elf (0/3) Orc:2        Vaults (0/5) D:14
  Slime: Lair:5-6

Altars:
Ashenzari
Cheibriados
Dithmenos
Elyvilon
Fedhas
Gozag
Hepliaklqana
Kikubaaqudgha
Makhleb
Nemelex Xobeh
Okawaru
Qazlal
Ru
Sif Muna
Trog
Uskayaw
Vehumet
Wu Jian
Xom
Yredelemnul
Zin
The Shining One

Shops:
D:10 =?[   D:11 ?(*[:   Shoals:2 *


Innate Abilities, Weirdness & Mutations

You are resistant to torment.
Your stone body is resilient. (AC +11)
You are immune to poison.
Your large and strong wings let you fly indefinitely.
You resist negative energy. (rN+)
You are resistant to electric shocks. (rElec)
You can survive without breathing.
You are immune to petrification.
You are immune to rotting.
Your mind is acute. (Int +2)
You expend magic power (3 MP) to strengthen your wands.


Message History

As you read the scroll of teleportation, it crumbles to dust.
You feel strangely unstable.
The pull of its song draws you forwards.
The merfolk avatar chants its luring song.
The pull of its song draws you forwards.
The merfolk avatar chants its luring song.
A death yak and a catoblepas come into view.
The pull of its song draws you forwards.
The merfolk avatar chants its luring song.
The catoblepas bellows! 2 death yaks come into view.
Your surroundings seem slightly different.
The merfolk avatar chants its luring song.
The alligator snapping turtle seems to regain its courage.
The merfolk avatar chants its luring song.
You block the alligator snapping turtle's attack.
The pull of its song draws you forwards. x2
The merfolk avatar chants its luring song.
The alligator snapping turtle bites you!!
You die...

≈≈.<...$...............
≈≈≈..≈...≈)≈≈.....≈≈....
≈≈≈≈PPP..≈≈≈≈≈≈..≈≈≈....
≈≈≈≈.PP.≈≈≈≈P≈≈..≈≈≈≈.≈≈
≈≈≈≈PPP.≈≈≈≈P≈...≈≈≈Y≈..
≈≈≈≈≈≈..≈≈≈P≈..≈≈≈≈≈≈..≈
≈≈≈≈≈≈≈≈≈≈≈PP<.≈P≈≈≈Y≈.≈
≈≈≈≈≈≈≈≈≈≈PP....≈≈≈≈Y≈.≈
≈≈≈≈≈≈≈≈≈PPPPP..@t≈≈≈≈≈≈
..≈≈≈...≈≈...P..≈m≈≈≈≈C≈
...≈≈≈..≈.P.P...≈≈≈≈Y...
###.≈≈≈≈P.#..P..≈≈≈≈≈...
#.≈≈≈...##...PPP≈≈≈...
#.≈≈≈...###...≈≈≈≈≈...
#.≈≈≈.......P≈≈...≈...
#.≈≈≈...≈...≈≈≈...≈...
##[≈≈≈≈..>


You could see Polyphemus, an alligator snapping turtle, a merfolk avatar, 3
death yaks and a catoblepas.

Vanquished Creatures
  2 krakens (Shoals:1)
  Nessos (D:12)
  A merfolk javelineer (Shoals:2)
  2 merfolk impalers
  Josephine (D:11)
  Fannar (Lair:2)
  A rakshasa (D:14)
  The ghost of Ijustatesigmund the Fighter, a journeyman GrFi of Okawaru (D:11)
  5 hydras
  2 centaur warriors
  A merfolk avatar (Shoals:2)
  A merfolk aquamancer (Shoals:3)
  A deep troll earth mage (D:14)
  6 two-headed ogres
  A tengu warrior (D:14)
  Sonja (D:11)
  2 sea snakes (Shoals:2)
  A wizard (D:14)
  8 harpies
  3 unseen horrors (D:14)
  3 deep elf magi (D:14)
  3 orc knights
  An oklob plant (Lair:5)
  5 manticores
  6 ugly things
  7 fauns
  A manticore (shapeshifter) (D:14)
  A cyclops (shapeshifter) (D:14)
  A water nymph (Shoals:2)
  An elephant (D:11)
  2 black mambas
  A merfolk siren (Shoals:2)
  4 spiny frogs
  2 kobold demonologists
  A freezing wraith (D:14)
  4 komodo dragons
  A rime drake (Lair:4)
  2 tengu conjurers (D:14)
  A meliai (D:14)
  2 polar bears (Lair:4)
  3 trolls
  4 merfolk
  A harpy skeleton (D:14)
  9 hippogriffs
  8 blink frogs
  A hornet (D:9)
  2 slime creatures (D:14)
  3 snapping turtles
  Sigmund (D:5)
  4 water elementals
  A tarantella (Lair:2)
  4 basilisks
  44 yaks
  6 wraiths
  5 wyverns
  A human (D:11)
  4 wargs
  13 vampire mosquitoes
  2 insubstantial wisps (Lair:4)
  15 water moccasins
  An acid dragon (D:14)
  9 porcupines
  4 ice beasts
  8 orc warriors
  An eye of draining (D:9)
  2 black bears
  A necrophage (D:14)
  3 phantoms
  7 sky beasts
  13 wolves
  13 ogres
  A crocodile (shapeshifter) (D:14)
  4 crocodiles
  7 centaurs
  3 big kobolds
  12 bullfrogs
  4 scorpions
  A wyvern skeleton (D:14)
  3 killer bees (D:10)
  3 wights (D:8)
  A howler monkey (D:5)
  An electric eel (Lair:3)
  A bullfrog zombie (D:12)
  6 centaur zombies
  3 crimson imps
  10 hounds
  A lava snake (D:12)
  2 quasits
  3 centaur skeletons
  6 jellies
  23 orc wizards
  A bullfrog skeleton (D:4)
  8 orc priests
  7 iguanas
  16 worker ants
  2 hound skeletons
  A worker ant zombie (D:7)
  3 gnolls (D:3)
  10 adders
  6 shadow imps
  An ooze (D:3)
  2 adder zombies
  2 worms (D:3)
  A dart slug (D:1)
  A leopard gecko (D:1)
  52 orcs
  3 giant cockroaches
  6 goblins
  10 hobgoblins
  15 jackals
  6 quokkas
  7 bats
  8 frilled lizards
  A jackal skeleton (D:4)
  16 kobolds
  8 rats
  2 fungi (Lair:5)
  A plant (Shoals:3)
  6 tentacles (Shoals:1)
581 creatures vanquished.

Vanquished Creatures (collateral kills)
  A porcupine (Lair:4)
  2 plants (Lair:4)
3 creatures vanquished.

Vanquished Creatures (others)
  A shadow wraith (D:14)
  10 fungi
  6 plants
  3 tentacles (Shoals:1)
20 creatures vanquished.

Grand Total: 604 creatures vanquished

Notes
Turn   | Place    | Note
-------+----------+-------------------------------------------
     0 | D:1      | Ijustatesigmund the Gargoyle Earth Elementalist began the quest for the Orb.
     0 | D:1      | Reached XP level 1. HP: 10/10 MP: 3/3
    64 | D:1      | Reached skill level 1 in Fighting
   220 | D:1      | Reached XP level 2. HP: 17/17 MP: 3/5
   784 | D:1      | Reached XP level 3. HP: 22/22 MP: 3/6
  1601 | D:2      | Learned a level 3 spell: Stone Arrow
  1927 | D:2      | Reached skill level 1 in Conjurations
  2485 | D:2      | Reached XP level 4. HP: 20/28 MP: 4/7
  3632 | D:3      | Reached XP level 5. HP: 32/32 MP: 2/8
  4486 | D:4      | Reached skill level 1 in Maces & Flails
  4631 | D:4      | Reached XP level 6. HP: 19/37 MP: 3/9
  4641 | D:5      | Entered Level 5 of the Dungeon
  5040 | D:4      | Reached skill level 5 in Earth Magic
  5483 | D:4      | Noticed a phantom
  5550 | D:4      | Killed a phantom
  5550 | D:4      | Reached XP level 7. HP: 41/41 MP: 1/11
  6479 | D:5      | Reached skill level 5 in Spellcasting
  6482 | D:5      | Noticed Sigmund
  6598 | D:4      | Reached XP level 8. HP: 46/46 MP: 11/16
  7482 | D:5      | Got a pair of encrusted gloves
  7488 | D:5      | Identified the +0 pair of gloves of Watchfulness {rElec rPois rCorr Str-4} (You found it on level 5 of the Dungeon)
  7526 | D:5      | Killed Sigmund
  7981 | D:5      | Found a staircase to the Ecumenical Temple.
  7988 | D:5      | Reached skill level 5 in Shields
  7994 | Temple   | Entered the Ecumenical Temple
  8614 | D:5      | Found a shadowy altar of Dithmenos.
  9355 | D:7      | Reached XP level 9. HP: 52/52 MP: 7/18
 10006 | D:7      | Reached skill level 5 in Fighting
 11015 | D:8      | Reached skill level 5 in Maces & Flails
 11179 | D:8      | Reached XP level 10. HP: 57/61 MP: 14/19
 11199 | D:8      | Noticed a two-headed ogre
 11221 | D:8      | Killed a two-headed ogre
 11225 | D:8      | Learned a level 2 spell: Passwall
 11387 | D:8      | Reached skill level 1 in Transmutations
 12010 | D:8      | Found a burning altar of Makhleb.
 12183 | D:9      | Identified a scroll of acquirement
 12952 | D:9      | Noticed a two-headed ogre
 13302 | D:9      | Killed a two-headed ogre
 13487 | D:10     | Entered Level 10 of the Dungeon
 13853 | D:10     | Reached XP level 11. HP: 49/67 MP: 23/23
 14057 | D:10     | Noticed a two-headed ogre
 14135 | D:10     | Found Kitiac's Antique Armour Shoppe.
 14142 | D:10     | Bought a glowing shield for 247 gold pieces
 14614 | Temple   | Became a worshipper of Cheibriados the Contemplative
 14619 | Temple   | Gained mutation: You expend magic power (3 MP) to strengthen your wands. [potion of mutation]
 14619 | Temple   | Gained mutation: Your mind is acute. (Int +2) [potion of mutation]
 14800 | D:10     | Killed a two-headed ogre
 14843 | D:10     | Found Ginaer's Jewellery Shoppe.
 15135 | D:10     | Found Bozuatz's Magic Scroll Emporium.
 15141 | D:10     | Bought a scroll of identify for 30 gold pieces
 15346 | D:10     | Reached skill level 1 in Invocations
 15545 | D:11     | Noticed a green ugly thing
 15681 | D:11     | Noticed Ijustatesigmund's ghost (journeyman GrFi)
 15693 | D:11     | Found Acsepn's General Store.
 15724 | D:11     | Found Xeshroqibb's Antique Weapon Boutique.
 15728 | D:11     | Bought a crystal mace for 240 gold pieces
 15729 | D:11     | Identified the +4 mace of Glory {crush, +Rage +Inv Int+4} (You bought it in a shop on level 11 of the Dungeon)
 15751 | D:11     | Bought a scroll of identify for 28 gold pieces
 15751 | D:11     | Bought a scroll of identify for 28 gold pieces
 15757 | D:11     | Learned a level 5 spell: Lee's Rapid Deconstruction
 15777 | D:11     | Reached * piety under Cheibriados
 15815 | D:11     | Killed a green ugly thing
 15960 | D:11     | Noticed Josephine
 15974 | D:11     | Killed Josephine
 16256 | D:12     | Noticed Nessos
 16273 | D:12     | Noticed a two-headed ogre
 16375 | D:11     | Found Noav's Magic Scroll Shop.
 16438 | D:11     | Reached XP level 12. HP: 73/76 MP: 16/25
 16535 | D:11     | Bought a scroll of enchant armour for 127 gold pieces
 16661 | D:11     | Reached skill level 5 in Invocations
 16839 | D:11     | Found a staircase to the Orcish Mines.
 16973 | Orc:1    | Entered Level 1 of the Orcish Mines
 16976 | Orc:2    | Entered Level 2 of the Orcish Mines
 16990 | Orc:2    | Reached ** piety under Cheibriados
 17762 | Orc:1    | Upgraded the game from 0.22-a0-266-g5fdf0d7 to 0.22-a0-271-gc000056
 17974 | Orc:1    | Found a bloodstained altar of Trog.
 18246 | D:11     | Found a staircase to the Lair.
 18255 | Lair:1   | Entered Level 1 of the Lair of Beasts
 18966 | Lair:1   | Reached *** piety under Cheibriados
 19207 | Lair:2   | Reached skill level 5 in Conjurations
 19373 | Lair:2   | Found a hole to the Spider Nest.
 19631 | Lair:2   | Reached skill level 10 in Fighting
 19632 | Lair:2   | Noticed Fannar
 19651 | Lair:2   | Killed Fannar
 21284 | Lair:3   | Found a staircase to the Shoals.
 21296 | Lair:3   | Reached XP level 13. HP: 30/83 MP: 1/26
 22793 | Lair:4   | Reached **** piety under Cheibriados
 24655 | Lair:5   | Learned a level 5 spell: Irradiate
 25260 | Lair:5   | Reached ***** piety under Cheibriados
 26222 | D:11     | Killed Ijustatesigmund's ghost
 26418 | D:11     | Found Gurenkei's Antique Armour Shoppe.
 26422 | D:11     | Found Buretsig's Book Emporium.
 26442 | D:11     | Bought a runed leather armour for 125 gold pieces
 26537 | D:11     | Noticed Sonja
 26539 | D:11     | Killed Sonja
 26539 | D:11     | Reached skill level 1 in Armour
 27197 | D:12     | Reached skill level 10 in Invocations
 27290 | D:12     | Killed Nessos
 27290 | D:12     | Gained mutation: Your large and strong wings let you fly indefinitely. [Gargoyle growth]
 27290 | D:12     | Reached XP level 14. HP: 90/90 MP: 23/27
 27362 | D:12     | Learned a level 3 spell: Dazzling Spray
 27540 | D:12     | Got a faintly glowing robe
 27635 | D:12     | Identified the +2 robe of Prudence {rPois MR+ Dex-3} (You found it on level 12 of the Dungeon)
 27990 | D:13     | Reached skill level 5 in Transmutations
 28722 | D:14     | Found a basalt altar of Yredelemnul.
 28932 | D:14     | Reached skill level 5 in Armour
 29225 | D:14     | Found a gate to the Vaults.
 30045 | D:14     | Identified Sif Muna's Collected Works on Protection and Fire
 30222 | D:14     | Got a pitted lead amulet
 30459 | D:14     | Reached skill level 1 in Evocations
 31446 | Shoals:1 | Entered Level 1 of the Shoals
 31457 | Shoals:1 | Got a slimy hunting sling
 31458 | Shoals:1 | Identified the +5 hunting sling "Ugionoc" {venom, Stlth+} (You found it on level 1 of the Shoals)
 31460 | Shoals:1 | Identified the amulet "Irhakour" {RegenMP rC+} (You took it off an orc knight on level 14 of the Dungeon)
 31528 | Shoals:1 | Reached skill level 10 in Maces & Flails
 31945 | Shoals:1 | Noticed a kraken
 31956 | Shoals:1 | Killed a kraken
 31956 | Shoals:1 | Reached XP level 15. HP: 45/95 MP: 9/28
 32411 | Shoals:1 | Noticed a kraken
 32418 | Shoals:1 | Killed a kraken
 33174 | Shoals:2 | Found Vagh's Assorted Antiques.
 33184 | Shoals:2 | Bought an ichor-stained scale mail for 297 gold pieces
 33184 | Shoals:2 | Bought a scroll of teleportation for 99 gold pieces
 33184 | Shoals:2 | Bought a sedimented purple potion for 29 gold pieces
 33192 | Shoals:2 | Reached skill level 5 in Throwing
 33203 | Shoals:2 | Identified the +0 scale mail of the Final Queens {rC+} (You bought it in a shop on level 2 of the Shoals)
 34297 | Shoals:4 | Entered Level 4 of the Shoals
 34305 | Shoals:3 | Reached ****** piety under Cheibriados
 34626 | Shoals:3 | Mangled by an alligator snapping turtle

Vault maps used:
D:1:      dpeg_arrival_central
D:4:      nzn_random_ring
D:5:      temple_fountains, basic_altar, first_ration, uniq_sigmund
D:7:      black_bear_nest_1, minivault_26
D:8:      cheibrodos_helix_gallery, makhleb_grotto_becter
D:10:     serial_shops, nicolae_shop_crystal, shop, shop
D:11:     david_lair_generic, erik_orc_4, serial_shops, nicolae_shop_stone,
          nicolae_shop_behind_doors, nicolae_shop_stone, shop,
          nicolae_shop_trees, hangedman_fish_farm, uniq_josephine, uniq_sonja
D:12:     enter_bailey_2, kennysheep_potato, uniq_nessos
D:14:     minmay_spiral_squares, david_vaults_4, basic_altar,
          minmay_misc_feat_tiny
Temple:   roderic_octagonal_lattice_temple
Lair:1:   infiniplex_staircase_pool_2, lemuel_fruit_tree, lemuel_fruit_fields,
          serial_bayou_shore_b
Lair:2:   spider_nest_entry_rubble, infiniplex_staircase_pool, uniq_fannar
Lair:3:   minmay_shoals_entry_beasts, serial_bayou_shore_a, grunt_megastairs_4
Lair:4:   pond
Lair:5:   grunt_megastairs_1, serial_bayou_shore_b
Shoals:2: serial_shops, nicolae_shop_temple_entry_statues_fountains
Shoals:3: serial_shops, shop, uniq_polyphemus
Shoals:4: shoals_end_simple, shoals_ilsuiw_alternative, serial_shops,
          nicolae_shop_stone, shop_statue, shop, shop, shop, uniq_kirke
Orc:1:    serial_shops, trog_book
Orc:2:    grunt_orc_community_town_hall, grunt_orc_community_big_house_2,
          grunt_orc_community_big_house_2, grunt_orc_community_house_1,
          grunt_orc_community_house_1, grunt_orc_community_house_1,
          grunt_orc_community_house_1, grunt_orc_community_house_1,
          grunt_orc_community_house_1

Skill      XL: |  1  2  3  4  5  6  7  8  9 10 11 12 13 14 15 |
---------------+----------------------------------------------+-----
Fighting       | 1 2 3 6 7 9 10 11 | 11.2
Conjurations   | 1 2 3 4 6 |  6.5
Earth Magic    | 4 5 7 8 |  8.8
Maces & Flails | 1 2 5 6 8 9 10 | 10.0
Spellcasting   | 3 5 6 8 9 |  9.3
Shields        | 5 6 8 |  8.0
Transmutations | 2 4 6 |  6.5
Dodging        | 2 3 4 |  4.2
Invocations    | 4 7 10 11 | 11.9
Armour         | 3 6 |  6.5
Evocations     | 3 |  3.0
Throwing       | 2 7 |  7.7
Stealth        | |  2.1

Action                   |  1- 3 |  4- 6 |  7- 9 | 10-12 | 13-15 || total
-------------------------+-------+-------+-------+-------+-------++-------
Melee: Unarmed           |    20 |       |       |       |       ||    20
       Club              |    98 |   113 |    12 |       |       ||   223
       Mace              |       |       |   136 |   548 |   696 ||  1380
       Flail             |       |       |       |       |    95 ||    95
Throw: Stone             |       |     2 |       |       |       ||     2
 Cast: Sandblast         |    51 |    38 |    30 |    12 |     1 ||   132
       Stone Arrow       |     2 |    22 |   106 |   279 |   104 ||   513
       Lee's Rapid Decon |       |       |       |     8 |    39 ||    47
       Passwall          |       |       |       |     3 |     8 ||    11
       Irradiate         |       |       |       |       |    33 ||    33
       Dazzling Spray    |       |       |       |       |    24 ||    24
Invok: Bend Time         |       |       |       |     8 |       ||     8
       Temporal Distorti |       |       |       |     1 |       ||     1
       Slouch            |       |       |       |       |     6 ||     6
 Abil: Evoke Invisibilit |       |       |       |     2 |       ||     2
       Fly               |       |       |       |       |     1 ||     1
Evoke: Wand              |       |    13 |    14 |    34 |    21 ||    82
       Lamp of fire      |       |       |       |       |     1 ||     1
  Use: Scroll            |     6 |     1 |     8 |    19 |    14 ||    48
       Potion            |       |     2 |     2 |     9 |     3 ||    16
 Stab: Sleeping          |     1 |     3 |       |     4 |     3 ||    11
       Invisible         |       |       |       |     4 |     6 ||    10
       Distracted        |       |       |       |     1 |       ||     1
       Paralysed         |       |       |       |       |     5 ||     5
  Eat: Chunk             |     4 |     8 |    13 |    14 |     7 ||    46
       Ration            |     1 |     1 |     4 |     4 |     7 ||    17
Armor: Robe              |    45 |    61 |   101 |   296 |   104 ||   607
       Leather armour    |       |       |       |       |   284 ||   284
Dodge: Dodged            |    93 |    98 |   104 |   296 |   408 ||   999
Block: Shield            |       |       |    91 |   382 |   687 ||  1160

Table legend:
 A = Spawn XP
 B = Non-spawn XP
 C = Spawn XP percentage of total XP
 D = Spawn monster count
 E = Non-spawn monster count
 F = Spawn count percentage of total count
 G = Total turns spent on level
                    A         B        C        D         E        F      G
               +---------+---------+-------+---------+---------+-------+---------
         Total |       0 |  108501 |   0.0 |       0 |     574 |   0.0 | 34626
               +---------+---------+-------+---------+---------+-------+---------
           D:1 |       0 |      38 |   0.0 |       0 |      21 |   0.0 |  1350
           D:2 |       0 |      65 |   0.0 |       0 |      24 |   0.0 |  1592
           D:3 |       0 |     135 |   0.0 |       0 |      20 |   0.0 |  1434
           D:4 |       0 |    1184 |   0.0 |       0 |      36 |   0.0 |  2714
           D:5 |       0 |     645 |   0.0 |       0 |      20 |   0.0 |  1425
           D:6 |       0 |     271 |   0.0 |       0 |       4 |   0.0 |   573
           D:7 |       0 |     868 |   0.0 |       0 |      17 |   0.0 |  1093
           D:8 |       0 |    3443 |   0.0 |       0 |      47 |   0.0 |  1917
           D:9 |       0 |    2624 |   0.0 |       0 |      27 |   0.0 |  1647
          D:10 |       0 |    3814 |   0.0 |       0 |      25 |   0.0 |  1583
          D:11 |       0 |    9121 |   0.0 |       0 |      52 |   0.0 |  1770
          D:12 |       0 |    7040 |   0.0 |       0 |      31 |   0.0 |   952
          D:13 |       0 |    4133 |   0.0 |       0 |      22 |   0.0 |  1398
          D:14 |       0 |   24683 |   0.0 |       0 |      62 |   0.0 |  2538
        Lair:1 |       0 |    2689 |   0.0 |       0 |      17 |   0.0 |  1854
        Lair:2 |       0 |    5600 |   0.0 |       0 |      24 |   0.0 |  1693
        Lair:3 |       0 |    3504 |   0.0 |       0 |      14 |   0.0 |  1482
        Lair:4 |       0 |    6313 |   0.0 |       0 |      29 |   0.0 |  1262
        Lair:5 |       0 |    6126 |   0.0 |       0 |      23 |   0.0 |  1666
      Shoals:1 |       0 |    8325 |   0.0 |       0 |       7 |   0.0 |  1413
      Shoals:2 |       0 |   10899 |   0.0 |       0 |      19 |   0.0 |  1323
      Shoals:3 |       0 |    5611 |   0.0 |       0 |      12 |   0.0 |   442
         Orc:1 |       0 |     686 |   0.0 |       0 |      11 |   0.0 |   981
         Orc:2 |       0 |     684 |   0.0 |       0 |      10 |   0.0 |   245
               +---------+---------+-------+---------+---------+-------+---------
